 Dungeon Crawl Stone Soup version 0.21.1-1-g345015f (webtiles) character file.

156 Melicamp the Skirmisher (level 5, -3/37 HPs)
             Began as an Octopode Wanderer on Apr 5, 2018.
             Was an Initiate of Cheibriados.
             Slain by Mirai's ghost (5 damage)
             ... on level 3 of the Dungeon.
             The game lasted 00:10:19 (2787 turns).

Melicamp the Skirmisher (Octopode Wanderer)         Turns: 2787, Time: 00:10:20

Health: -3/37      AC:  1    Str: 12    XL:     5   Next: 38%
Magic:  9/9        EV: 12    Int: 16    God:    Cheibriados [......]
Gold:   128        SH:  0    Dex: 13    Spells: 8/9 levels left

rFire    . . .     SeeInvis .     - Unarmed
rCold    . . .     Gourm    .   (no shield)
rNeg     . . .     Faith    .   (helmet restricted)
rPois    .         Spirit   .   (no amulet)
rElec    .         Reflect  .   (no ring)
rCorr    .         Harm     .   (no ring)
MR       .....                  (no ring)
Stlth    +++.......             (no ring)
HPRegen  0.12/turn              (no ring)
MPRegen  0.11/turn              (no ring)
                                (no ring)
                                (no ring)

@: very slow
A: almost no armour, stealthy swim, amphibious, 8 rings, constrict 8, camouflage
1, gelatinous body 1
a: Bend Time, Renounce Religion


You were on level 3 of the Dungeon.
You worshipped Cheibriados.
Cheibriados was noncommittal.
You were hungry.

You visited 1 branch of the dungeon, and saw 3 of its levels.

You collected 128 gold pieces.

Inventory:

Hand Weapons
 b - a +0 shortbow
 j - a +3 dagger
   (You took it off an orc on level 3 of the Dungeon)
Missiles
 c - 57 arrows
Jewellery
 h - an uncursed ring of positive energy {unknown}
   (You took it off a kobold on level 3 of the Dungeon)
Scrolls
 d - a scroll of amnesia
 e - 2 scrolls of teleportation
 g - 2 scrolls of fog
Potions
 i - a potion of heal wounds {unknown}
Books
 a - a book of Minor Magic
Comestibles
 f - 3 rations
 k - 2 chunks of flesh


   Skills:
 * Level 4.0 Fighting
   Level 3.0 Maces & Flails
 + Level 3.7 Stealth
 + Level 1.0 Unarmed Combat
 - Level 2.7 Spellcasting
   Level 1.0 Charms
   Level 1.1 Evocations


You had 8 spell levels left.
You knew the following spells:

 Your Spells              Type           Power        Failure   Level  Hunger
a - Magic Dart            Conj           #...         19%         1    #......


Dungeon Overview and Level Annotations

Branches:
Dungeon (3/15)

Altars:
Cheibriados

Annotations:
D:3 Mirai's ghost, amateur DECj


Innate Abilities, Weirdness & Mutations

You cannot wear most types of armour.
You are very stealthy in the water. (Stealth+)
You are amphibious.
You can wear up to eight rings at the same time.
You can use your tentacles to constrict eight enemies at once.
Your skin changes colour to match your surroundings (Stealth+).
Your rubbery body absorbs attacks. (AC +1, EV +1)


Message History

The orc wizard closely misses you.
You tentacle-slap the orc wizard.
The orc wizard is almost dead.
You constrict the orc wizard.
You kill the orc wizard!
Cheibriados thoroughly appreciates the change of pace.
Your Fighting skill increases to level 4!
Your Unarmed Combat skill increases to level 1!
The kobold throws a stone.
The stone hits you.
The kobold throws a stone.
The stone closely misses you. The kobold hits you. x2
Items here: ) [ †† a dagger; a robe; an orc corpse x2
You barely miss the kobold. Your grab misses the kobold. The kobold hits you.
You tentacle-slap the kobold but do no damage.
You grab the kobold. You constrict the kobold. The kobold hits you.
You tentacle-slap the kobold.
The kobold is severely wounded.
You constrict the kobold.
You kill the kobold!
Cheibriados appreciates the change of pace.
You tentacle-slap the orc. You grab the orc.
The orc is lightly wounded.
You constrict the orc. The orc hits you with a club.
You tentacle-slap the orc.
The orc is severely wounded.
You constrict the orc.
You kill the orc!
Cheibriados appreciates the change of pace.
You start resting.
HP restored.
Items here: ) [ †† a dagger; a robe; an orc corpse x2
You butcher the orc corpse.
k - 3 chunks of flesh
Things that are here:
a dagger; a robe; an orc corpse
l - a scroll labeled LUOBOK XUNOATY
There is an open door, spattered with blood here.
Items here: ( ) [ † a club; a stone; a ring mail; a kobold corpse Wield which item (- for none, * to show all)? (? for menu, Esc to quit)
Okay, then.
As you read the scroll labeled LUOBOK XUNOATY, it crumbles to dust.
You feel blessed for a moment.
It was a scroll of remove curse.
You drop a wand of random effects (15).
Eating one of 3 chunks of flesh.
You eat one of the 3 chunks of flesh.
This raw flesh tastes terrible.
d - a scroll of amnesia
c - 57 arrows (gained 1) Mirai's ghost (amateur Deep Elf Conjurer) comes into view.
Found a scroll of identify.
Mirai's ghost is nearby!
Press: ? - help, v - describe, . - travel
Here: Mirai's ghost (hasn't noticed you)
The floor.
You see here an arrow.
You see here an arrow.
You barely miss Mirai's ghost.
Mirai's ghost turns its malevolent gaze towards you.
Mirai's ghost casts a spell at you. The orb of energy misses you.
The orb of energy explodes!
You tentacle-slap Mirai's ghost. You squeeze Mirai's ghost.
Mirai's ghost is lightly damaged.
Mirai's ghost closely misses you.
You barely miss Mirai's ghost.
Mirai's ghost is lightly damaged.
Mirai's ghost closely misses you.
You tentacle-slap Mirai's ghost.
Mirai's ghost is moderately damaged.
Mirai's ghost gestures at you while chanting.
The magic dart hits you!
You barely miss Mirai's ghost. Your squeeze misses Mirai's ghost.
Mirai's ghost is moderately damaged.
Mirai's ghost misses you.
You closely miss Mirai's ghost. You squeeze Mirai's ghost.
Mirai's ghost is heavily damaged.
Mirai's ghost casts a spell at you. The magic dart hits you!
You closely miss Mirai's ghost. Your squeeze misses Mirai's ghost.
Mirai's ghost is heavily damaged.
Mirai's ghost completely misses you.
You miss Mirai's ghost.
Mirai's ghost is heavily damaged.
Mirai's ghost gestures at you while chanting.
The orb of energy misses you.
You are feeling hungry.
You completely miss Mirai's ghost. You squeeze Mirai's ghost!
Mirai's ghost is severely damaged.
Mirai's ghost hits you!
You tentacle-slap Mirai's ghost.
Mirai's ghost is severely damaged.
Mirai's ghost points at you and mumbles some strange words.
The orb of energy hits you!
* * * LOW HITPOINT WARNING * * *
The orb of energy explodes!
You closely miss Mirai's ghost.
Mirai's ghost is severely damaged.
Mirai's ghost hits you.
You die...

###'##### #........#
#.?......#
#........# #.#
#........# #.# #
#######........# #(#
# ......W........#
#.# # #..@.......#
#.# # #..((......#
#.# # #.........##
#.# # #.........#
#.# # #.........#
#)# #
#.........#####/####
#.........#.........
#....####...........
#....# ##..........


You could see Mirai's ghost.

Vanquished Creatures
  A jelly (D:2)
  An orc wizard (D:3)
  4 adders
  2 worms
  4 leopard geckos
  3 orcs (D:3)
  A giant cockroach (D:1)
  4 goblins
  6 hobgoblins
  3 jackals (D:2)
  6 kobolds
  A ball python (D:2)
  10 bats
  2 frilled lizards (D:1)
  2 rats
50 creatures vanquished.

Vanquished Creatures (others)
  5 toadstools (D:1)
5 creatures vanquished.

Grand Total: 55 creatures vanquished

Notes
Turn   | Place    | Note
-------+----------+-------------------------------------------
     0 | D:1      | Melicamp the Octopode Wanderer began the quest for the Orb.
     0 | D:1      | Melicamp set off with: a book of Minor Magic, a +0 shortbow, 28 arrows, a wand of random effects (15), a ration
     0 | D:1      | Reached XP level 1. HP: 14/14 MP: 3/3
     2 | D:1      | Learned a level 1 spell: Magic Dart
   312 | D:1      | Reached XP level 2. HP: 20/20 MP: 5/5
   384 | D:1      | Reached skill level 2 in Stealth
   850 | D:2      | Reached XP level 3. HP: 24/25 MP: 3/6
  1043 | D:2      | Reached skill level 3 in Fighting
  1351 | D:2      | HP: 5/26 [adder (4)]
  1357 | D:2      | HP: 3/26 [poisoned by an adder]
  1365 | D:2      | HP: 1/26 [poisoned by an adder]
  1751 | D:2      | Reached XP level 4. HP: 31/31 MP: 7/7
  1900 | D:2      | Found a snail-covered altar of Cheibriados.
  1905 | D:2      | Reached skill level 3 in Stealth
  1914 | D:2      | Became a worshipper of Cheibriados the Contemplative
  2624 | D:3      | Reached XP level 5. HP: 36/37 MP: 9/9
  2666 | D:3      | Reached skill level 4 in Fighting
  2666 | D:3      | Reached skill level 1 in Unarmed Combat
  2774 | D:3      | Noticed Mirai's ghost (amateur DECj)
  2786 | D:3      | HP: 2/37 [Mirai's ghost/orb of energy (12)]
  2787 | D:3      | Slain by Mirai's ghost

Skill      XL: |  1  2  3  4  5 |
---------------+----------------+-----
Stealth        | 2 3 |  3.7
Fighting       | 3 4 |  4.0
Unarmed Combat | 1 |  1.0
Maces & Flails | |  3.0
Spellcasting   | |  2.7
Charms         | |  1.0
Evocations     | |  1.1

Action                   |  1- 3 |  4- 6 || total
-------------------------+-------+-------++-------
Melee: Unarmed           |    18 |    29 ||    47
       Constrict         |     7 |     7 ||    14
       Tentacles         |     3 |    10 ||    13
 Fire: Shortbow          |    71 |    44 ||   115
Throw: Throwing net      |     1 |     1 ||     2
 Cast: Magic Dart        |    23 |     4 ||    27
  Use: Scroll            |     1 |     4 ||     5
 Stab: Held in net/web   |     1 |     1 ||     2
  Eat: Chunk             |     2 |     4 ||     6
Armor: Skin              |     6 |     1 ||     7
Dodge: Dodged            |    27 |    30 ||    57

Vault maps used:
D:1:      ldierk_walled_garden, minivault_19
D:2:      nicolae_overflow_crystal_walls
D:3:      minitemple

Table legend:
 A = Turns spent in this place as a percentage of turns spent in the entire game.
 B = Non-inter-level travel turns spent in this place as a percentage of non-inter-level travel turns spent in the entire game.
 C = Inter-level travel turns spent in this place as a percentage of turns spent in this place.
 D = Turns resting spent in this place as a percentage of non-inter-level travel turns spent in this place.
 E = Turns spent auto-exploring this place as a percentage of non-inter-level travel turns spent in this place.
 F = Non-inter-level travel turns spent in this place divided by the number of levels of this place that you've seen.
                   A       B       C       D       E      F
               +-------+-------+-------+-------+-------+----------------------
         Total | 100.0 | 100.0 |   2.4 |  46.0 |  36.1 | 907.0
       Dungeon | 100.0 | 100.0 |   2.4 |  46.0 |  36.1 | 907.0
               +-------+-------+-------+-------+-------+----------------------

Table legend:
 A = Kills in this place as a percentage of kills in entire the game.
 B = Kills by you in this place as a percentage of kills by you in the entire game.
 C = Kills by friends in this place as a percentage of kills by friends in the entire game.
 D = Other kills in this place as a percentage of other kills in the entire game.
 E = Experience gained in this place as a percentage of experience gained in the entire game.
 F = Experience gained in this place divided by the number of levels of this place that you have seen.
                   A       B       C       D       E      F
               +-------+-------+-------+-------+-------+----------------------
         Total | 100.0 | 100.0 |   N/A |   N/A | 100.0 |  74.7
       Dungeon | 100.0 | 100.0 |   N/A |   N/A | 100.0 |  74.7
               +-------+-------+-------+-------+-------+----------------------
